 Seeded DCSS version 0.30.1-4-g462c640d31 (webtiles) character file.

Game seed: 5 (custom seed)

15983 Kazon the Covert (level 12, -1/63 HPs)
             Began as a Vine Stalker Brigand on Sept 12, 2023.
             Was a High Priest of Makhleb.
             Slain by a death yak (13 damage)
             ... on level 2 of the Lair of Beasts on Sept 14, 2023.
             The game lasted 00:56:57 (8715 turns).

Kazon the Covert (Vine Stalker Brigand)             Turns: 8715, Time: 00:56:58

Health: -1/63      AC: 10    Str: 18    XL:     12   Next: 32%
Magic:  0/26       EV: 15    Int: 11    God:    Makhleb [*****.]
Gold:   641        SH: 11    Dex: 23    Spells: 11/11 levels left

rFire   . . .        v - +0 war axe (vamp)
rCold   . . .        n - +0 kite shield
rNeg    . . .        o - +0 steam dragon scales
rPois   .            a - +1 helmet
rElec   .            V - +0 cloak
rCorr   .            B - +0 pair of gloves of Zanoch {Fly SInv}
SInv    +            (no boots)
Will    +....        (no amulet)
Stlth   +++++        r - ring of magical power
HPRegen 1.10/turn    y - +6 ring of dexterity
MPRegen 0.20/turn

%: guardian spirit
@: flying
A: fangs 3, regeneration 1, magic shield, antimagic bite, no potion heal 2
a: Renounce Religion, Minor Destruction, Lesser Servant of Makhleb, Major
Destruction, Greater Servant of Makhleb


You were on level 2 of the Lair of Beasts.
You worshipped Makhleb.
Makhleb was extremely pleased with you.
You visited 3 branches of the dungeon, and saw 13 of its levels.
You also visited: Ossuary.

You collected 783 gold pieces.
You spent 142 gold pieces at shops.

Inventory:

Hand Weapons
 e - a +2 vampiric dagger
 f - a +1 hand axe of flaming
 h - a +2 dagger of holy wrath
 v - a +0 vampiric war axe (weapon)
Missiles
 b - 3 curare-tipped darts
 k - 16 boomerangs (quivered)
 G - 4 javelins
 J - 18 poisoned darts
 N - 4 silver boomerangs
 R - 2 throwing nets
Armour
 a - a +1 helmet (worn)
 c - a +0 tower shield
 n - a +0 kite shield (worn)
 o - +0 steam dragon scales (worn)
 B - the +0 pair of gloves of Zanoch (worn) {Fly SInv}
   (You acquired it on level 1 of the Dungeon)

   SInv:      It lets you see invisible.
   Fly:       It grants you flight.
 V - a +0 cloak (worn)
Jewellery
 r - a ring of magical power (left hand)
 y - a +6 ring of dexterity (right hand)
Wands
 s - a wand of light (7)
 w - a wand of paralysis (7)
 P - a wand of polymorph (2)
 Q - a wand of digging (7)
Scrolls
 g - 2 scrolls of fear {unknown}
 i - a scroll of identify
 l - 2 scrolls of magic mapping {unknown}
 p - 2 scrolls of teleportation
 q - 3 scrolls of blinking {unknown}
 A - a scroll of amnesia {unknown}
 C - a scroll of torment {unknown}
 F - a scroll of poison {unknown}
 H - 2 scrolls of enchant armour {unknown}
 I - 3 scrolls of fog {unknown}
 M - a scroll of enchant weapon {unknown}
 S - 2 scrolls of summoning {unknown}
Potions
 d - a potion of degeneration {unknown}
 j - 7 potions of curing {unknown}
 m - 2 potions of magic
 t - 5 potions of flight
 u - 2 potions of berserk rage
 x - 3 potions of invisibility
 z - a potion of cancellation
 D - a potion of lignification {unknown}
 E - 4 potions of attraction {unknown}
 K - a potion of haste {unknown}
 L - 3 potions of brilliance {unknown}
 T - a potion of ambrosia {unknown}
 W - a potion of resistance


   Skills:
 * Level 7.1 Fighting
 + Level 4.9 Short Blades
 + Level 7.3 Axes
 + Level 4.0 Throwing
 + Level 4.3 Armour
 + Level 5.6 Dodging
 + Level 9.0 Stealth
 + Level 4.9 Shields
 + Level 6.6 Invocations
 * Level 6.2 Evocations


You had 11 spell levels left.
You didn't know any spells.
Your spell library contained the following spells:

 Spells                   Type           Power      Damage    Failure   Level
 Frozen Ramparts          Ice            0%         1d1       95%         3
 Ignite Poison            Fire/Tmut/Pois 0%         N/A       95%         3
 Ice Form                 Ice/Tmut       0%         N/A       100%        4
 Leda's Liquefaction      Hex/Erth       0%         N/A       100%        4
 Sticky Flame             Conj/Fire      0%         2d3       100%        4
 Summon Ice Beast         Ice/Summ       0%         N/A       100%        4
 Alistair's Intoxication  Tmut/Pois      0%         N/A       100%        5
 Borgnjor's Vile Clutch   Necr/Erth      0%         N/A       100%        5
 Lee's Rapid Deconstruct  Erth           0%         3d4*      100%        5
 Summon Forest            Summ/Tloc      0%         N/A       100%        5
 Eringya's Noxious Bog    Tmut/Pois      0%         N/A       100%        6
 Statue Form              Tmut/Erth      0%         N/A       100%        6
 Summon Hydra             Summ           0%         N/A       100%        7
 Ignition                 Fire           0%         3d3       100%        8


Dungeon Overview and Level Annotations

Branches:
Dungeon (10/15)            Temple (1/1) D:4            Lair (2/5) D:8
Ossuary (visited)
  Swamp: Lair:2-3    Shoals: Lair:2-3     Snake: Lair:2-3    Spider: Lair:2-3
    Orc: D:9-12

Altars:
Dithmenos
Fedhas
Gozag
Hepliaklqana
Makhleb
Okawaru
Qazlal
Sif Muna
Wu Jian
Xom
The Shining One

Shops:
D:8 *

Annotations:
Lair:2 Amaemon


Innate Abilities, Weirdness & Mutations

You have razor-sharp teeth.
Your natural rate of healing is unusually fast.
When hurt, damage is shared between your health and your magic reserves.
Your bite disrupts and absorbs the magic of your enemies.
Potions cannot restore your health.


Message History

The boomerang hits the death yak but does no damage.
The death yak gores you!!
You barely miss the death yak. You bite the death yak! You drain its power.
You feel invigorated.
The death yak is lightly wounded.
You hit the death yak but do no damage.
The death yak looks more healthy.
The death yak misses you. The death yak gores you!
You hit the death yak but do no damage. Your bite misses the death yak.
The death yak is lightly wounded.
You hit the death yak.
Your hellwing hits the death yak but does no damage.
Your hellwing hits the death yak. You block the death yak's attack.
The death yak completely misses you.
You slash the death yak!
You bite the death yak, but do no damage.
The death yak is moderately wounded.
You barely miss the death yak. Your hellwing hits the death yak!
Your hellwing hits the death yak but does no damage.
The death yak gores your hellwing! You block the death yak's attack.
Your hellwing closely misses the death yak.
Your hellwing hits the death yak. The death yak misses you.
The death yak gores your hellwing!!
Your hellwing dies!
Your hellwing disappears in a puff of smoke!
The death yak bellows!
You hit the death yak but do no damage.
You bite the death yak, but do no damage.
The death yak is heavily wounded.
You barely miss the death yak. The death yak closely misses you.
You block the death yak's attack.
Unknown command.
You barely miss the death yak.
You bite the death yak, but do no damage.
The death yak is heavily wounded.
You hit the death yak but do no damage. The death yak gores you!!
The death yak gores you but does no damage.
A demon appears!
The death yak gores you!
* * * LOW HITPOINT WARNING * * *
The death yak gores you!
You die...

......#.........##
.................## ...
..............#.#.##...=
.........(....#....#....
..............#.........
..#..##.......#.........
........#...............
~.......#....#..........
~.......P...>...@.......
~..............YY..#P...
~.......#P##.....4......
........####..#....#....
........# #.#.......P#.
...~S~~.. #...##.#.....
...~~≈~.. (....~~#... .
. ...#~~#....


You could see 2 death yaks and a friendly hellwing (summoned).

Vanquished Creatures
  Snorg (D:10)
  2 two-headed ogres
  A death yak (Lair:2)
  Maurice (D:9)
  3 cane toads
  A polar bear (D:8)
  A hornet (D:9)
  4 blink frogs (Lair:1)
  A shadow (D:9)
  3 vampires
  Sigmund (D:4)
  3 wyverns
  14 yaks
  A basilisk (Lair:1)
  4 water moccasins
  Duvessa (D:6)
  An ice beast (D:8)
  A sky beast (D:7)
  4 black bears
  15 wolves
  4 centaurs
  2 ogres
  An elf zombie (Ossuary)
  2 kobold brigands
  4 bullfrogs (Lair:1)
  3 scorpions
  19 wights
  Dowan (D:6)
  8 killer bees
  4 howler monkeys
  A vampire bat (D:7)
  An electric eel (D:8)
  A centaur zombie (Ossuary)
  6 hounds
  3 human zombies (Ossuary)
  A jelly (D:5)
  4 orc priests
  7 orc wizards
  6 iguanas
  4 ogre zombies (Ossuary)
  A centaur simulacrum (D:8)
  7 mummies (Ossuary)
  9 gnolls
  9 adders
  A shadow imp (D:8)
  A white imp (D:7)
  2 ufetubi
  A worm zombie (D:7)
  2 adder zombies (Ossuary)
  3 worms
  24 orcs
  12 bats
  9 endoplasms
  A giant cockroach (D:1)
  12 goblins
  7 hobgoblins
  11 jackals
  15 kobolds
  3 quokkas (D:4)
  6 ball pythons
  3 frilled lizards
  4 goblin zombies (Ossuary)
  6 hobgoblin zombies
  3 kobold zombies
  4 quokka zombies (Ossuary)
  4 rats
  4 rat zombies (Ossuary)
309 creatures vanquished.

Vanquished Creatures (collateral kills)
  A polar bear (D:8)
  3 basilisks (D:8)
  A steam dragon (D:8)
  2 water moccasins (D:8)
  An orc warrior (D:9)
  A black bear (D:8)
  A centaur (D:9)
  A bullfrog (D:8)
  A gnoll sergeant (D:8)
  A wight (D:8)
  A wyvern simulacrum (D:8)
  2 orc wizards (D:8)
  2 gnolls (D:8)
  4 orcs
22 creatures vanquished.

Vanquished Creatures (others)
  A shadow (D:9)
  2 orc wizards
3 creatures vanquished.

Grand Total: 334 creatures vanquished

Notes
Turn   | Place    | Note
-------+----------+-------------------------------------------
     0 | D:1      | Kazon the Vine Stalker Brigand began the quest for the Orb.
     0 | D:1      | Reached XP level 1. HP: 11/11 MP: 2/2
    26 | D:1      | Reached skill level 5 in Stealth
    37 | D:1      | Identified a scroll of acquirement
    37 | D:1      | Acquired the +0 pair of gloves of Zanoch {Fly SInv}
    58 | D:1      | Reached XP level 2. HP: 15/15 MP: 3/3
   445 | D:1      | Reached XP level 3. HP: 18/18 MP: 4/4
   481 | D:1      | Reached skill level 1 in Dodging
  1107 | D:2      | Gained mutation: Your natural rate of healing is unusually
                  | fast. [Vine Stalker growth]
  1107 | D:2      | Reached XP level 4. HP: 13/23 MP: 2/5
  1220 | D:2      | Reached skill level 6 in Stealth
  1558 | D:3      | Found a blossoming altar of Fedhas.
  1624 | D:3      | Reached skill level 1 in Armour
  1639 | D:3      | Reached XP level 5. HP: 21/26 MP: 4/6
  1728 | D:3      | Found a stormy altar of Qazlal.
  1993 | D:3      | Identified the +2 sling "Qeuhanocyt" {speed, rElec Str-3
                  | Dex+2}
  2011 | D:3      | Found a faded altar of an unknown god.
  2060 | D:4      | Found a staircase to the Ecumenical Temple.
  2077 | Temple   | Entered the Ecumenical Temple
  2094 | Temple   | Became a worshipper of Makhleb the Destroyer
  2165 | D:4      | Noticed a black bear
  2166 | D:4      | Found a hazy altar of Hepliaklqana.
  2198 | D:4      | Killed a black bear
  2221 | D:4      | Noticed Sigmund
  2224 | D:4      | Killed Sigmund
  2225 | D:4      | Reached skill level 1 in Axes
  2225 | D:4      | Reached skill level 1 in Shields
  2225 | D:4      | Reached skill level 1 in Invocations
  2225 | D:4      | Reached XP level 6. HP: 32/32 MP: 7/7
  2266 | D:4      | Found a shadowy altar of Dithmenos.
  2267 | D:4      | Noticed a shadow
  2307 | D:4      | Noticed a black bear
  2311 | D:4      | Killed a black bear
  2312 | D:4      | Reached XP level 7. HP: 35/35 MP: 8/8
  2885 | D:5      | Entered Level 5 of the Dungeon
  3056 | D:5      | Reached skill level 1 in Evocations
  3100 | D:5      | Gained mutation: You have razor-sharp teeth. [Vine Stalker
                  | growth]
  3100 | D:5      | Reached XP level 8. HP: 38/40 MP: 10/10
  3372 | D:6      | Noticed Dowan
  3374 | D:6      | Noticed Duvessa
  3405 | D:6      | Killed Duvessa
  3414 | D:6      | Killed Dowan
  3469 | D:6      | Reached * piety under Makhleb
  3617 | D:6      | Found a shimmering altar of Xom.
  3879 | D:7      | Found a sand-covered staircase.
  3900 | Ossuary  | Entered an ossuary
  3959 | Ossuary  | Reached ** piety under Makhleb
  4016 | Ossuary  | Reached XP level 9. HP: 40/44 MP: 12/12
  4374 | D:7      | Reached *** piety under Makhleb
  4375 | D:7      | Reached skill level 7 in Stealth
  4865 | D:7      | Reached **** piety under Makhleb
  4980 | D:7      | Noticed a two-headed ogre
  4988 | D:7      | Killed a two-headed ogre
  4989 | D:7      | Reached skill level 8 in Stealth
  4989 | D:7      | Reached XP level 10. HP: 24/51 MP: 8/14
  5373 | D:8      | Reached skill level 5 in Axes
  5561 | D:8      | Reached skill level 5 in Fighting
  5590 | D:8      | Reached skill level 5 in Invocations
  5597 | D:8      | Found a staircase to the Lair.
  5602 | D:8      | Found Izo Qiri's Assorted Antiques.
  5745 | D:8      | Reached XP level 11. HP: 56/56 MP: 15/15
  5843 | D:8      | Bought a sedimented brown potion for 26 gold pieces
  5843 | D:8      | Bought a curved iron wand for 116 gold pieces
  6719 | D:9      | Reached skill level 5 in Dodging
  6805 | D:9      | Reached skill level 5 in Evocations
  7166 | D:9      | Noticed Maurice
  7374 | D:9      | Killed Maurice
  7520 | D:10     | Entered Level 10 of the Dungeon
  7545 | D:10     | Noticed a two-headed ogre
  7562 | D:10     | Killed a two-headed ogre
  7821 | D:10     | Noticed Snorg
  7846 | D:10     | Killed Snorg
  7855 | D:10     | Found a shimmering blue altar of Sif Muna.
  7948 | Lair:1   | Entered Level 1 of the Lair of Beasts
  7968 | Lair:1   | Reached ***** piety under Makhleb
  8342 | Lair:1   | Reached XP level 12. HP: 62/62 MP: 17/17
  8663 | Lair:2   | Noticed Amaemon
  8674 | Lair:2   | Noticed a death yak
  8676 | Lair:2   | Noticed a death yak
  8696 | Lair:2   | Killed a death yak
  8697 | Lair:2   | Reached skill level 9 in Stealth
  8704 | Lair:2   | Noticed a death yak
  8715 | Lair:2   | Slain by a death yak

Illustrated notes

Levels and vault maps discovered:
D:1:      ebering_trefoil_3fold, layout_basic, st_stairs_14, serial_bayou_ford_a
D:2:      layout_basic, hangedman_decor_growths, minmay_close_crescents
D:3:      layout_rooms, mainiacjoe_overflow_concentric_impassable,
          mainiacjoe_overflow_paths, shapermc_ecumenical_altar_acropolis,
          chequers_serial_rivers_micro_b
D:4:      layout_basic, riverfiend_overflow_shadow_ancestor,
          minmay_temple_entry_glass, uniq_sigmund
D:5:      layout_gridville
D:6:      layout_basic, xom_teletrap_fun, uniq_duvessa
D:7:      layout_loops_ring, enter_ossuary_3, roderic_batcave
D:8:      layout_layer_cave, minmay_lair_entry_grove, serial_shops,
          nicolae_lakefront_shop, serial_ice, serial_ice_o, serial_ice_d,
          serial_ice_k, serial_ice_a
D:9:      layout_loops_ring, nicolae_wwwww, uniq_maurice
D:10:     layout_irregular_city, led_sif_pool, uniq_snorg
Temple:   nicolae_temple_elliptical
Lair:1:   layout_big_grid, serial_bayou_pond_a
Lair:2:   layout_gridlike, basic_altar, uniq_amaemon

Skill      XL: |  1  2  3  4  5  6  7  8  9 10 11 12 |
---------------+-------------------------------------+-----
Stealth        | 5 6 8 9 |  9.0
Short Blades   | 2 3 4 |  4.9
Dodging        | 1 2 3 4 5 |  5.6
Throwing       | 2 3 4 |  4.0
Fighting       | 2 3 4 5 6 7 |  7.1
Armour         | 1 2 3 4 |  4.3
Axes           | 1 3 4 5 6 7 |  7.3
Shields        | 1 2 3 4 |  4.9
Invocations    | 1 2 4 5 6 |  6.6
Evocations     | 1 2 3 4 5 6 |  6.2

Action                     |  1- 3 |  4- 6 |  7- 9 | 10-12 || total
---------------------------+-------+-------+-------+-------++-------
  Melee: Dagger            |   103 |   139 |   318 |   259 ||   819
         Bite              |    25 |    28 |   160 |   204 ||   417
         Punch             |       |     3 |     4 |       ||     7
         Hand axe          |       |       |   132 |    79 ||   211
         War axe           |       |       |       |   185 ||   185
  Throw: Dart              |     3 |       |    25 |    26 ||    54
         Stone             |     2 |     9 |    36 |       ||    47
         Boomerang         |       |       |    19 |    16 ||    35
 Invoke: Lesser Servant of |       |       |     1 |     8 ||     9
         Minor Destruction |       |       |       |    36 ||    36
  Evoke: Wand              |       |       |       |     5 ||     5
    Use: Scroll            |     2 |     1 |       |     7 ||    10
   Stab: Sleeping          |     8 |    10 |    26 |    12 ||    56
         Distracted        |       |       |     1 |     7 ||     8
         Paralysed         |       |       |       |     1 ||     1
 Armour: Robe              |    19 |    17 |       |       ||    36
         Leather armour    |       |     9 |    87 |     1 ||    97
         Scale mail        |       |       |       |    70 ||    70
         Steam dragon scal |       |       |       |    78 ||    78
         Skin              |       |       |       |     1 ||     1
  Dodge: Dodged            |    39 |    78 |   212 |   314 ||   643
  Block: Buckler           |       |       |    21 |    47 ||    68
         Kite shield       |       |       |       |   242 ||   242
